 Dungeon Crawl Stone Soup version 0.21.1-1-g345015f (webtiles) character file.

84 inc the Cutter (level 4, 0/27 HPs)
             Began as an Octopode Enchanter on Apr 23, 2018.
             Slain by an orc wizard
             ... wielding a +0 dagger
              (5 damage)
             ... on level 3 of the Dungeon.
             The game lasted 00:02:18 (2119 turns).

inc the Cutter (Octopode Enchanter)                 Turns: 2119, Time: 00:02:19

Health: 0/27       AC:  1    Str:  7    XL:     4   Next: 45%
Magic:  7/7        EV: 13    Int: 18    God:
Gold:   103        SH:  0    Dex: 12    Spells: 6/7 levels left

rFire    . . .     SeeInvis .   a - +1 dagger
rCold    . . .     Gourm    .   (no shield)
rNeg     . . .     Faith    .   (helmet restricted)
rPois    .         Spirit   .   (no amulet)
rElec    .         Reflect  .   (no ring)
rCorr    .         Harm     .   (no ring)
MR       .....                  (no ring)
Stlth    +++.......             (no ring)
HPRegen  0.09/turn              (no ring)
MPRegen  0.10/turn              (no ring)
                                (no ring)
                                (no ring)

@: slowed, very slow
A: almost no armour, stealthy swim, amphibious, 8 rings, constrict 8, camouflage
1, gelatinous body 1
a: no special abilities


You were on level 3 of the Dungeon.
You were not hungry.

You visited 1 branch of the dungeon, and saw 3 of its levels.

You collected 103 gold pieces.

Inventory:

Hand Weapons
 a - a +1 dagger (weapon)
Jewellery
 l - an uncursed amulet of harm {unknown}
Scrolls
 e - 2 scrolls of teleportation {unknown}
 f - 2 scrolls of immolation {unknown}
 i - 4 scrolls of identify {unknown}
 j - a scroll of amnesia {unknown}
 k - a scroll of remove curse {unknown}
Potions
 d - 4 potions of curing {unknown}
 g - a potion of might {unknown}
 h - 2 potions of degeneration {unknown}
 m - a potion of ambrosia {unknown}
Books
 b - a book of Maledictions

   Spells                             Type                      Level
   a - Corona                         Hexes                        1
   b - Ensorcelled Hibernation        Hexes/Ice                    2
   c - Confuse                        Hexes                        3
   d - Tukima's Dance                 Hexes                        3
   e - Dazzling Spray                 Conjuration/Hexes            3
Comestibles
 c - 5 rations


   Skills:
 + Level 4.1 Short Blades
 - Level 2.0 Dodging
 - Level 4.0 Stealth
 - Level 2.0 Spellcasting
 - Level 3.0 Hexes


You had 6 spell levels left.
You knew the following spells:

 Your Spells              Type           Power        Failure   Level  Hunger
a - Corona                Hex            ##.....      5%          1    #......


Dungeon Overview and Level Annotations

Branches:
Dungeon (3/15)

Altars:

Annotations:
D:3 Jessica


Innate Abilities, Weirdness & Mutations

You cannot wear most types of armour.
You are very stealthy in the water. (Stealth+)
You are amphibious.
You can wear up to eight rings at the same time.
You can use your tentacles to constrict eight enemies at once.
Your skin changes colour to match your surroundings (Stealth+).
Your rubbery body absorbs attacks. (AC +1, EV +1)


Message History

You hit the orc but do no damage. You squeeze the orc, but do no damage.
The orc is severely wounded.
You constrict the orc. The orc hits you with a short sword.
The orc wizard mumbles some strange words.
The orc wizard blinks!
You hit the orc but do no damage.
The orc is almost dead.
You constrict the orc.
You kill the orc!
The orc barely misses you. The orc barely misses you.
The orc hits you with a club.
* * * LOW HITPOINT WARNING * * *
The orc wizard closely misses you.
The orc wizard gestures at you while chanting.
You feel yourself slow down.
The orc wizard hits you but does no damage.
As you open the door, it creaks loudly! The orc wizard hits you with a dagger.
You die...

.... #.............#....#....
....#####.......................
........#.......................
........#.......................
........#.......................
......†.#.................######
........).................#
...######).....o........†.#
#....oo@..........#
########'########## .# .# .# .#
.. ## ########### #.......)..


You could see an orc wizard and 2 orcs.

Vanquished Creatures
  3 adders
  A worm (D:2)
  A leopard gecko (D:2)
  3 orcs (D:3)
  4 bats
  A giant cockroach (D:1)
  9 goblins
  6 hobgoblins
  5 jackals
  2 kobolds
  A quokka (D:2)
  3 ball pythons
  4 frilled lizards
  3 rats
46 creatures vanquished.

Vanquished Creatures (others)
  A giant cockroach (D:1)
  3 jackals (D:1)
  A frilled lizard (D:1)
5 creatures vanquished.

Grand Total: 51 creatures vanquished

Notes
Turn   | Place    | Note
-------+----------+-------------------------------------------
     0 | D:1      | inc the Octopode Enchanter began the quest for the Orb.
     0 | D:1      | Reached XP level 1. HP: 11/11 MP: 3/3
   244 | D:1      | Reached XP level 2. HP: 8/17 MP: 5/5
   906 | D:2      | Reached XP level 3. HP: 21/21 MP: 6/6
  1768 | D:3      | Reached XP level 4. HP: 27/27 MP: 7/7
  1828 | D:3      | Noticed Jessica
  2119 | D:3      | Slain by an orc wizard

Skill      XL: |  1  2  3  4 |
---------------+-------------+-----
Short Blades   | 2 3 4 |  4.1
Dodging        | |  2.0
Stealth        | |  4.0
Spellcasting   | |  2.0
Hexes          | |  3.0

Action                   |  1- 3 |  4- 6 || total
-------------------------+-------+-------++-------
Melee: Dagger            |    74 |    51 ||   125
       Constrict         |    13 |    11 ||    24
       Tentacles         |     7 |     4 ||    11
 Stab: Sleeping          |    13 |       ||    13
  Eat: Chunk             |     2 |     2 ||     4
Armor: Skin              |     2 |     3 ||     5
Dodge: Dodged            |    26 |    45 ||    71
